cohdb
Replays
Latest Replays
All Replays
Popular Replays
Top Player Replays
Match Explorer
How It Works
Community
CoH3 Stats
Reddit
Sign in to upload your games and track your stats! →
Sign in with Steam
Match 41846982
Unlisted
Match 41846982
Overview
Messages
Build Orders
End
Kradschützen Motorcycle Team
Panzergrenadier Squad
250 Light Carrier
Panzergrenadier Squad
Construct Light Support Kompanie
MG34 Team
MG34 Team
2.5-tonne Medical Truck
Panzerjäger Mechanized Group
2.5-tonne Medical Truck
Fire Support Elements
Selects Armored Support Battlegroup
Selects Armored Support Battlegroup
Selects Armored Support Battlegroup
Selects Veteran Gunners
Selects Flammpanzer III Medium Tank
Flammpanzer III Medium Tank
MG34 Team
2.5-tonne Medical Truck
Pak 38 Mechanized Group
Selects Salvage Kits
Selects Panzer Storm
Construct Panzerarmee Kommand
le.IG 18 Support Gun Team
Flammpanzer III Medium Tank
Pak 38 Mechanized Group
Brother
akDarkWingDuck
0
0
Comments
sign in to comment!
No comments posted yet!